Unix NetHack Version 3.7.0-86 Work-in-progress - last build May 30 2023 01:50:43 (cc98dc9aa62a9957b082a042edf5bd7ec9f632c7,branch:master). Game began 2023-06-08 12:50:22, ended 2023-06-08 21:08:18. Raisse, neutral female gnomish Wizard ----- --..<-- -.....----------- ...--......|.....| -.-- ------...--%.| |..---|a-| |..| |G.- ---- |..... --..-- -.| .| | Raisse the Conjurer St:11 Dx:14 Co:12 In:19 Wi:13 Ch:9 Neutral Dlvl:5 $:150 HP:0(28) Pw:42(52) AC:8 Xp:5/168 T:3814 Satiated Latest messages: You miss the gecko. The magic-absorbing blade scares the gecko! You kill the gecko! You descend the stairs. That door is closed. The door resists! You hear bubbling water. The door opens. The giant ant bites! The magic-absorbing blade stuns the giant ant! You kill the giant ant! Welcome to experience level 5. You see here a food ration. You see here a food ration. There is a food ration here; eat it? [ynq] (n) y This satiates your stomach! You finish eating the food ration. The door resists! The door opens. $ - 13 gold pieces (143 in total). You hear water falling on coins. You see here a statue of a rabid rat. $ - 7 gold pieces (150 in total). You descend the stairs. You stop. The gnome lord is in the way! You hear crashing rock. The hobgoblin thrusts his crude dagger. The hobgoblin hits! You miss the hobgoblin. The hobgoblin thrusts his crude dagger. The hobgoblin hits! You kill the hobgoblin! The killer bee stings! The killer bee stings! The killer bee stings! In what direction? k The spell misses the killer bee. The killer bee stings! The killer bee stings! In what direction? k The spell misses the killer bee. The killer bee stings! The killer bee's sting was poisoned! Wizard is about to die. You die... Do you want your possessions identified? [ynq] (y) y Do you want to see your attributes? [ynq] (y) y Do you want an account of creatures vanquished? [ynaq] (y) y Do you want to see your conduct and achievements? [ynq] (y) y Do you want to see the dungeon overview? [ynq] (y) q Inventory: Coins $ - 150 gold pieces Weapons a - an uncursed +0 dagger m - 6 blessed +1 darts o - an uncursed +0 bill-guisarme u - an uncursed +0 elven dagger A - an uncursed +0 orcish dagger E - the uncursed rustproof +0 Magicbane (weapon in hand) I - a blessed +1 quarterstaff U - a cursed -1 orcish dagger Armor s - a cursed +0 orcish helm C - an uncursed +0 cloak of magic resistance (being worn) H - an uncursed +0 orcish helm (being worn) R - an uncursed rusty +0 orcish helm Y - an uncursed +0 orcish helm Comestibles e - an uncursed food ration t - an uncursed food ration T - an uncursed tripe ration W - an uncursed sprig of wolfsbane Scrolls i - an uncursed scroll of food detection j - an uncursed scroll of charging k - 2 uncursed scrolls of teleportation r - 2 uncursed scrolls of enchant armor Potions f - a blessed potion of sleeping g - an uncursed potion of levitation h - an uncursed potion of monster detection p - an uncursed potion of invisibility Rings d - an uncursed ring of warning q - an uncursed ring of teleport control Wands c - an uncursed wand of striking (0:4) Tools n - an uncursed magic marker (0:49) B - an uncursed mirror Raisse the Wizard's attributes: Background: You were a Conjurer, a level 5 female gnomish Wizard. You were neutral, on a mission for Thoth who was opposed by Ptah (lawful) and Anhur (chaotic). You were in the Gnomish Mines, on level 5. You entered the dungeon 3814 turns ago. You had 168 experience points, 152 more were needed to attain level 6. Basics: You had 0 out of 28 hit points. You had 42 out of 52 energy points (spell power). Your armor class was 8. Your wallet contained 150 zorkmids. Autopickup was on for '$!?/"=+' plus thrown, with exceptions. Final Characteristics: Your strength was 11 (limit:18/50). Your dexterity was 14 (limit:18). Your constitution was 12 (limit:18). Your intelligence was 19 (limit:19). Your wisdom was 13 (limit:18). Your charisma was 9 (limit:18). Final Status: You were satiated. You were unencumbered. You were wielding a dagger. You were unskilled in dagger. Final Attributes: You were fervently aligned. You were magic-protected. You had infravision. You were warded. You were unlucky. You are dead. Miscellaneous: You never encountered a bones level. Total elapsed playing time was 8 minutes and 46 seconds. Major events: Turn 1: Raisse the neutral female gnomish Wizard entered the dungeon 763: attained the rank of Conjurer (level 3) 3366: was bestowed with Magicbane by Thoth 3787: entered the Gnomish Mines 3814: killed by a killer bee Vanquished creatures: a giant ant a kitten 3 coyotes a gas spore 3 hobbits a hobgoblin a giant rat a brown mold a green mold a red mold 2 gnome zombies 5 geckos 5 jackals a fox a kobold 5 goblins 7 sewer rats 7 grid bugs 6 lichens 2 kobold zombies 5 newts 60 creatures vanquished. No species were genocided or became extinct. Voluntary challenges: You read items or engraved 1 time. You never engraved Elbereth. You never genocided any monsters. You never polymorphed an object. You never changed form. You used no wishes. Achievements: You attained the rank of Conjurer. You entered the Gnomish Mines. The Dungeons of Doom: levels 1 to 4 Level 1: An altar to Thoth. Level 2: "spb" A fountain. Level 3: A fountain. Level 4: Stairs down to The Gnomish Mines. The Gnomish Mines: Level 5: <- You were here. Final resting place for you, killed by a killer bee. Game over: ---------- / \ / REST \ / IN \ / PEACE \ / \ | Raisse | | 150 Au | | killed by a | | killer bee | | | | | | 2023 | *| * * * | * _________)/\\_//(\/(/\)/\//\/|_)_______ Goodbye Raisse the Wizard... You died in The Gnomish Mines on dungeon level 5 with 1007 points, and 150 pieces of gold, after 3814 moves. You were level 5 with a maximum of 28 hit points when you died.